 Dungeon Crawl Stone Soup version 0.21-a0-91-ga5031da (webtiles) character file.

432 nikopol the Magician (level 6, -6/32 HPs)
             Began as a Deep Elf Fire Elementalist on June 29, 2017.
             Shot with an arrow by a centaur (13 damage)
             ... on level 4 of the Dungeon.
             The game lasted 00:13:00 (4179 turns).

nikopol the Magician (Deep Elf Fire Elementalist)   Turns: 4179, Time: 00:13:01

Health: -6/32      AC:  3    Str:  5    XL:     6   Next: 67%
Magic:  10/16      EV: 13    Int: 22    God:
Gold:   278        SH:  0    Dex: 15    Spells: 5/16 levels left

rFire    . . .     SeeInvis .   j - +0 dagger (protect)
rCold    . . .     Gourm    .   (no shield)
rNeg     . . .     Faith    .   a - +0 robe
rPois    .         Spirit   .   (no helmet)
rElec    .         Reflect  .   (no cloak)
rCorr    .         Harm     .   (no gloves)
MR       .....                  p - +0 pair of boots
Stlth    ++........             (no amulet)
HPRegen  0.10/turn              (no ring)
MPRegen  0.15/turn              (no ring)

@: no status effects
A: no striking features
a: no special abilities


You were on level 4 of the Dungeon.
You were hungry.

You visited 1 branch of the dungeon, and saw 4 of its levels.

You collected 278 gold pieces.

Inventory:

Hand Weapons
 e - a +0 dagger of venom
 f - a +1 dagger of venom
 j - a +0 dagger of protection (weapon)
Armour
 a - a +0 robe (worn)
 p - a +0 pair of boots (worn)
Jewellery
 r - an uncursed ring of stealth {unknown}
 t - an uncursed ring of magical power {unknown}
Scrolls
 h - 2 scrolls of blinking {unknown}
 k - 4 scrolls of teleportation {unknown}
 o - 4 scrolls of magic mapping {unknown}
 q - 3 scrolls of remove curse {unknown}
 s - 2 scrolls of identify {unknown}
 v - a scroll of fog {unknown}
Potions
 d - 2 potions of agility {unknown}
 g - a potion of degeneration {unknown}
 i - a potion of brilliance {unknown}
 m - 2 potions of magic {unknown}
 u - a potion of might {unknown}
 w - 2 potions of mutation {unknown}
 x - 2 potions of resistance {unknown}
Books
 b - a book of Flames

   Spells                             Type                      Level
   a - Flame Tongue                   Conjuration/Fire             1
   b - Throw Flame                    Conjuration/Fire             2
   c - Conjure Flame                  Conjuration/Fire             3
   d - Inner Flame                    Hexes/Fire                   3
   e - Sticky Flame                   Conjuration/Fire             4
   f - Fireball                       Conjuration/Fire             5
Comestibles
 c - 5 bread rations
 l - 5 royal jellies
 n - 2 meat rations


   Skills:
 + Level 0.1 Fighting
 + Level 3.1 Dodging
 + Level 3.1 Stealth
 + Level 5.9 Spellcasting
 + Level 3.8 Conjurations
 + Level 5.3 Fire Magic


You had 5 spell levels left.
You knew the following spells:

 Your Spells              Type           Power        Failure   Level  Hunger
a - Flame Tongue          Conj/Fire      ####.        1%          1    None
b - Throw Flame           Conj/Fire      ####..       1%          2    None
c - Conjure Flame         Conj/Fire      ####....     4%          3    #......
d - Fireball              Conj/Fire      ####......   36%         5    #####..


Dungeon Overview and Level Annotations

Branches:
Dungeon (4/15)
 Temple: D:4-7

Altars:
Qazlal


Message History

Aim: a centaur, wielding a shortbow (heavily wounded)
The flame tongue misses the centaur.
The centaur shoots an arrow.
The arrow hits you!
Casting: Flame Tongue
Confirm with . or Enter, or press ? or * to list all spells.
Aiming: Flame Tongue
Press: ? - help, Shift-Dir - straight line, f/p - centaur
Aim: a centaur, wielding a shortbow (heavily wounded)
The flame tongue hits the centaur.
The centaur is almost dead.
The centaur shoots an arrow.
The arrow hits you.
* * * LOW HITPOINT WARNING * * *
Casting: Flame Tongue
Confirm with . or Enter, or press ? or * to list all spells.
Aiming: Throw Flame
Press: ? - help, Shift-Dir - straight line, f/p - centaur
Aim: a centaur, wielding a shortbow (almost dead)
The puff of flame misses the centaur.
The centaur shoots an arrow.
The arrow hits you!
You die...

#................########.#......
##.####.####.....# ##........
##(# # #.....# #......... ...#
#.....# #..#...... #### #.....###
#..#...... #####...# #....>....
...#####...#####.........
...........(..##......#..
...#####@................
.....c...###.##.........
#.#####..# #............
#..######.#.......
#..##.............
#........##..###.. ##.##....
#..###.. .##....##(......
#.............


You could see a centaur.

Vanquished Creatures
  2 ogres (D:4)
  An orc priest (D:4)
  An orc wizard (D:4)
  A worker ant (D:4)
  A hound skeleton (D:4)
  3 gnolls (D:4)
  A howler monkey skeleton (D:4)
  2 adders (D:2)
  An ooze (D:4)
  2 worms
  3 dart slugs (D:1)
  7 leopard geckos
  9 orcs
  10 bats
  3 giant cockroaches
  6 goblins
  9 hobgoblins
  4 jackals (D:1)
  6 kobolds
  2 quokkas (D:2)
  A ball python (D:2)
  6 frilled lizards
  9 rats
90 creatures vanquished.

Notes
Turn   | Place    | Note
-------+----------+-------------------------------------------
     0 | D:1      | nikopol the Deep Elf Fire Elementalist began the quest for the Orb.
     0 | D:1      | Reached XP level 1. HP: 10/10 MP: 6/6
   337 | D:1      | Reached XP level 2. HP: 15/15 MP: 5/8
   596 | D:1      | Learned a level 2 spell: Throw Flame
   780 | D:1      | Reached XP level 3. HP: 19/19 MP: 7/10
  1425 | D:2      | Reached XP level 4. HP: 21/24 MP: 10/12
  1514 | D:2      | Found a stormy altar of Qazlal.
  1928 | D:3      | Learned a level 3 spell: Conjure Flame
  2748 | D:4      | Reached XP level 5. HP: 25/28 MP: 6/13
  2888 | D:4      | Noticed an ogre
  2897 | D:4      | Killed an ogre
  2897 | D:4      | Reached skill level 5 in Spellcasting
  2897 | D:4      | Reached skill level 5 in Fire Magic
  3142 | D:4      | Noticed an ogre
  3151 | D:4      | Killed an ogre
  3151 | D:4      | Reached XP level 6. HP: 32/32 MP: 7/16
  3158 | D:4      | Learned a level 5 spell: Fireball
  4179 | D:4      | Shot with an arrow by a centaur

Vault maps used:
D:1:      dpeg_arrival_simpleton_c
D:2:      nicolae_overflow_hidden_temple, first_bread, minmay_cut_off
D:4:      wad_pebble_path

Skill      XL: |  1  2  3  4  5  6 |
---------------+-------------------+-----
Fire Magic     | 4 5 |  5.3
Spellcasting   | 4 5 |  5.9
Conjurations   | 2 3 |  3.8
Stealth        | 3 |  3.1
Dodging        | 3 |  3.1
Fighting       | |  0.1

Action                   |  1- 3 |  4- 6 || total
-------------------------+-------+-------++-------
Melee: Dagger            |     3 |       ||     3
 Cast: Flame Tongue      |    77 |   113 ||   190
       Conjure Flame     |       |     1 ||     1
       Throw Flame       |       |    18 ||    18
  Eat: Chunk             |     1 |     8 ||     9
Armor: Robe              |     8 |     4 ||    12
Dodge: Dodged            |    14 |    20 ||    34
